 Dungeon Crawl Stone Soup version 0.21.1-1-g345015f (webtiles) character file.

69 Lanoc the Slasher (level 4, -2/40 HPs)
             Began as a Minotaur Monk on Feb 18, 2018.
             Slain by Terence
             ... wielding a +1 short sword of electrocution
              (17 damage)
             ... on level 2 of the Dungeon.
             The game lasted 00:01:59 (1147 turns).

Lanoc the Slasher (Minotaur Monk)                   Turns: 1147, Time: 00:02:00

Health: -2/40      AC: 10    Str: 16    XL:     4   Next: 2%
Magic:  3/3        EV:  6    Int:  7    God:
Gold:   67         SH:  0    Dex: 13    Spells: 3/3 levels left

rFire    . . .     SeeInvis .   a - +0 falchion
rCold    . . .     Gourm    .   (no shield)
rNeg     . . .     Faith    .   i - +0 plate armour
rPois    .         Spirit   .   (helmet restricted)
rElec    .         Reflect  .   (no cloak)
rCorr    .         Harm     .   (no gloves)
MR       .....                  (no boots)
Stlth    ..........             (no amulet)
HPRegen  0.13/turn              (no ring)
MPRegen  0.08/turn              (no ring)

@: no status effects
A: retaliatory headbutt, horns 2
a: no special abilities


You were on level 2 of the Dungeon.
You were hungry.

You visited 1 branch of the dungeon, and saw 3 of its levels.

You collected 67 gold pieces.

Inventory:

Hand Weapons
 a - a +0 falchion (weapon)
Missiles
 b - 38 arrows
Armour
 i - a +0 plate armour (worn)
Scrolls
 d - 2 scrolls of identify {unknown}
 f - 2 scrolls of fear {unknown}
 g - a scroll of fog {unknown}
 h - a scroll of amnesia {unknown}
 k - a scroll of enchant armour {unknown}
 l - a scroll of enchant weapon {unknown}
Potions
 e - 3 potions of flight {unknown}
 j - 2 potions of degeneration {unknown}
 m - a potion of mutation {unknown}
Comestibles
 c - 3 rations


   Skills:
 + Level 4.2 Fighting
 * Level 4.6 Long Blades
 + Level 1.8 Armour
 + Level 3.7 Dodging
 - Level 1.5 Stealth


You had 3 spell levels left.
You didn't know any spells.

Dungeon Overview and Level Annotations

Branches:
Dungeon (3/15)

Altars:

Annotations:
D:2 Terence


Innate Abilities, Weirdness & Mutations

You reflexively headbutt those who attack you in melee.
You have a pair of horns on your head.


Message History

You are too injured to fight recklessly!
You are too injured to fight recklessly!
You are too injured to fight recklessly!
You are too injured to fight recklessly!
You are too injured to fight recklessly!
You are too injured to fight recklessly!
You are too injured to fight recklessly!
You are too injured to fight recklessly!
You are too injured to fight recklessly!
There is a stone staircase leading up here.
Terence hits you with a short sword of electrocution.
You climb upwards.
There is a stone staircase leading down here.
You hit Terence.
Terence is moderately wounded.
Terence hits you but does no damage.
Your plate armour prevents you from hitting Terence.
Terence is moderately wounded.
Terence hits you but does no damage.
You are electrocuted!
You die...

#....#.#.# #.##...#.# #....##.
#....#.#.###....#.#.#
###÷#####.
#..............####.###...# #.
#....##..........##...#.### #.
#....##.###......####.#.# ##.
##.####.###......# #...# #..
#.##.....#..>...#####.#######.#
#.##.....#.......(.........#..#
#>##.....#...@@.##########.....
#.##.^...#######.........#(###.
#.##.....# #.........#.#...
#.#......# #.÷÷........#.##
#........# #.............#
#..####### #.........##### #..#
#.........# #..# #.........#
#### #.........#


You could see Terence.

Vanquished Creatures
  3 adders (D:2)
  A worm (D:2)
  A leopard gecko (D:2)
  7 bats
  2 giant cockroaches
  6 goblins
  3 hobgoblins
  A quokka (D:2)
  A ball python (D:1)
  2 frilled lizards
  4 kobolds
  8 rats
39 creatures vanquished.

Notes
Turn   | Place    | Note
-------+----------+-------------------------------------------
     0 | D:1      | Lanoc the Minotaur Monk began the quest for the Orb.
     0 | D:1      | Reached XP level 1. HP: 19/19 MP: 0/0
   102 | D:1      | Reached XP level 2. HP: 25/27 MP: 1/1
   416 | D:1      | Reached skill level 1 in Armour
   682 | D:2      | Reached XP level 3. HP: 30/33 MP: 2/2
  1038 | D:2      | Reached XP level 4. HP: 40/40 MP: 3/3
  1133 | D:3      | Noticed Terence
  1147 | D:2      | Slain by Terence

Skill      XL: |  1  2 |
---------------+-------+-----
Long Blades    | 4 |  4.6
Armour         | 1 |  1.8
Fighting       | 4 |  4.2
Dodging        | |  3.7
Stealth        | |  1.5

Action                   |  1- 3 |  4- 6 || total
-------------------------+-------+-------++-------
Melee: Falchion          |    90 |    10 ||   100
       Headbutt          |     9 |     2 ||    11
 Stab: Sleeping          |     1 |       ||     1
Armor: Robe              |    13 |       ||    13
       Plate armour      |    38 |     5 ||    43
Dodge: Dodged            |    59 |     3 ||    62
       Rpst.: Falchion   |    15 |       ||    15
